 Dungeon Crawl Stone Soup version 0.30.1-9-gdf580d7c3d (webtiles) character file.

Game seed: 1665668530485352981

1204 jfcaron the Cleaver (level 9, -20/68 (71) HPs)
             Began as a Meteoran Berserker on Oct 20, 2023.
             Was a Believer of Trog.
             Demolished by Joseph
             ... wielding a +0 heavy quarterstaff
              (41 damage)
             ... on level 8 of the Dungeon on Oct 21, 2023.
             The game lasted 00:11:03 (1569 turns).

jfcaron the Cleaver (Meteoran Berserker)            Turns: 1569, Time: 00:11:04

HP:   -20/68 (71)   AC: 12    Str: 23    XL:     9   Next: 3%
MP:   10/10         EV:  2    Int:  9    God:    Trog [**....]
Gold: 196           SH:  0    Dex: 14    Spells: 8/8 levels left

rFire   . . .        C - +5 war axe
rCold   + . .        k - +0 kite shield
rNeg    . . .        l - +0 plate armour
rPois   .            (no helmet)
rElec   .            (no cloak)
rCorr   .            B - +0 pair of gloves
SInv    .            (no boots)
Will    +++..        p - amulet of regeneration Stlth
                     n - ring of protection from cold
HPRegen 2.11/turn    (no ring)
MPRegen 0.12/turn

%: no passive effects
@: sleeping, strong-willed, on berserk cooldown, regenerating, slowed, glowing,
lightly drained
A: sense surroundings 2, otherworldly, glowing, explore regen
a: Renounce Religion, Berserk, Trog's Hand


You were on level 8 of the Dungeon.
You worshipped Trog.
Trog was pleased with you.
You visited 1 branch of the dungeon, and saw 6 of its levels.

You collected 196 gold pieces.

Inventory:

Hand Weapons
 a - a +1 hand axe
 c - a +0 sling
 t - a +2 dagger of venom
   (You took it off a goblin on level 4 of the Dungeon)
 x - a +0 antimagic dagger
   (You found it on level 2 of the Dungeon)
 C - a +5 war axe (weapon)
Missiles
 f - 5 boomerangs (quivered)
 m - 22 stones
 A - 4 poisoned darts
Armour
 b - a +0 animal skin
 k - a +0 kite shield (worn)
 l - a +0 plate armour (worn)
 B - a +0 pair of gloves (worn)
Jewellery
 n - a ring of protection from cold (left hand)
   (You found it on level 3 of the Dungeon)
 p - an amulet of regeneration (around neck)
   (You found it on level 3 of the Dungeon)
Scrolls
 d - a scroll of enchant weapon
 i - a scroll of vulnerability
 j - 2 scrolls of identify
 q - a scroll of blinking {unknown}
 r - a scroll of magic mapping {unknown}
 u - a scroll of amnesia {unknown}
 y - a scroll of fog {unknown}
Potions
 e - 2 potions of heal wounds
 g - a potion of haste
 h - 2 potions of cancellation
 o - 2 potions of resistance
 s - a potion of degeneration {unknown}
 v - 2 potions of mutation {unknown}
 w - a potion of attraction {unknown}
 z - a potion of invisibility {unknown}


   Skills:
 - Level 4.0 Fighting
 * Level 9.9 Axes
 - Level 3.0 Armour
 - Level 3.0 Dodging
 + Level 6.2 Shields


You had 8 spell levels left.
You didn't know any spells.
Your spell library contained the following spells:

 Spells                   Type           Power      Damage    Failure   Level
 Magic Dart               Conj           0%         1d3       100%        1
 Call Imp                 Summ           0%         N/A       100%        2
 Mephitic Cloud           Conj/Pois/Air  0%         N/A       100%        3


Dungeon Overview and Level Annotations

Branches:
Dungeon (5/15) Zot: 1952   Temple (0/1) D:4

Altars:
Cheibriados
Dithmenos

Annotations:
D:8 Joseph


Innate Abilities, Weirdness & Mutations

You passively map the area around you.
You are easily found by Zot.
You glow in the dark.
You regain HP and MP as you explore.


Message History

You block Joseph's attack.
You closely miss Joseph.
Joseph is moderately wounded.
Joseph shouts, "Wow!"
Joseph hits you but does no damage.
You closely miss Joseph.
Joseph is moderately wounded.
Joseph hits you with a +0 heavy quarterstaff!
You slash Joseph!
Joseph is heavily wounded.
Joseph drinks a potion.
Joseph is healed!
You slash Joseph!
Joseph is severely wounded.
Joseph completely misses you.
A sleepcap comes into view.
You slash Joseph!
Joseph is severely wounded.
Joseph barely misses you.
Joseph hits you with a +0 heavy quarterstaff!
You hit Joseph but do no damage.
Joseph is severely wounded.
You block Joseph's attack.
Your skin crawls.
You feel strong-willed.
Joseph says, "You will never get the ORB, sorry."
Joseph barely misses you.
The sleepcap releases spores at you but does no damage.
You slash Joseph!
Joseph is almost dead.
You hit the sleepcap. The sleepcap completely misses you.
Joseph hits you with a +0 heavy quarterstaff!
* * * LOW HITPOINT WARNING * * *
You closely miss Joseph.
Joseph is almost dead.
You slash the sleepcap! The sleepcap releases spores at you.
You are engulfed in a cloud of soporific spores!
You fall asleep.
Joseph hits you with a +0 heavy quarterstaff!!!
Ouch! That really hurt!
You die...

###..... ,* , ........** *
,,#.##### ..#####***
$.....## #.# #.#* #......#
#.# #@# , .......# #.# #.#
*##?..... #.# #.. .....
#.# #.# #f.# # #.# #.#
#@.#.## * * #.#
#.#####@....# ,,
~.♣♣######.@.......#..# *
***
♣~♣♣..............##*...,*
, ~~♣♣♣###.)......$..#
,*#,* P~P♣ #[####.####...#
~~♣♣♣♣♣♣.# #.# #.## , * ,
~~~♣~~~♣)####.### .#
~~~~.~..........., .# * *


You could see Joseph and a sleepcap.

Vanquished Creatures
  Grum (D:8)
  An ice beast (D:8)
  4 wolves (D:8)
  A phantom (D:5)
  2 scorpions (D:4)
  4 wights (D:8)
  3 hounds (D:5)
  An orc priest (D:5)
  A sleepcap (D:4)
  An iguana (D:5)
  An orc wizard (D:8)
  2 adders (D:4)
  A white imp (D:8)
  An ufetubus (D:5)
  3 worms
  2 dart slugs
  4 orcs
  3 endoplasms
  2 goblins
  4 hobgoblins
  5 kobolds
  2 quokkas
  6 ball pythons
  3 bats
  A rat (D:3)
59 creatures vanquished.

Notes
Turn   | Place    | Note
-------+----------+-------------------------------------------
     0 | D:1      | jfcaron the Meteoran Berserker began the quest for the Orb.
     0 | D:1      | Reached XP level 1. HP: 19/19 MP: 2/2
    98 | D:1      | Reached XP level 2. HP: 26/26 MP: 3/3
   124 | D:2      | Reached skill level 4 in Axes
   329 | D:4      | Found a staircase to the Ecumenical Temple.
   329 | D:4      | Noticed a scorpion
   337 | D:4      | Killed a scorpion
   338 | D:4      | Reached skill level 1 in Shields
   338 | D:4      | Reached XP level 3. HP: 33/33 MP: 4/4
   338 | D:4      | Reached XP level 4. HP: 40/40 MP: 5/5
   361 | D:4      | Found a snail-covered altar of Cheibriados.
   544 | D:4      | Reached skill level 5 in Axes
   544 | D:4      | Reached XP level 5. HP: 39/46 MP: 6/6
   601 | D:5      | Entered Level 5 of the Dungeon
   617 | D:5      | Reached XP level 6. HP: 52/52 MP: 7/7
   772 | D:5      | Reached skill level 6 in Axes
   990 | D:3      | Reached ** piety under Trog
  1174 | D:4      | Reached XP level 7. HP: 58/59 MP: 8/8
  1240 | D:4      | Reached skill level 7 in Axes
  1283 | D:5      | You fall into a shaft and drop 3 floors!
  1290 | D:8      | Found a shadowy altar of Dithmenos.
  1392 | D:8      | Reached skill level 8 in Axes
  1392 | D:8      | Reached XP level 8. HP: 61/66 MP: 9/9
  1429 | D:8      | Noticed Grum
  1439 | D:8      | Killed Grum
  1440 | D:8      | Reached skill level 5 in Shields
  1445 | D:8      | Reached skill level 9 in Axes
  1539 | D:8      | HP: 18/93 [wight/+2 halberd (9)]
  1542 | D:8      | Gained mutation: You passively map the area around you.
                  | [Meteoran growth]
  1542 | D:8      | Reached XP level 9. HP: 19/67 MP: 10/10
  1547 | D:8      | Noticed Joseph
  1569 | D:8      | Demolished by Joseph

Illustrated notes

Levels and vault maps discovered:
D:1:      nagdon_arrival_double_spiral, layout_loops_ring, st_stairs_3
D:2:      layout_loops_cross
D:3:      layout_basic, okawaru_gym_becter
D:4:      layout_basic, lemuel_round_altar, nicolae_wu_jian_immortal_techniques,
          minmay_temple_entry_ruins, uniq_duvessa
D:5:      layout_basic, serial_shops, nicolae_lakefront_shop,
          kennysheep_generic_room_6
D:8:      layout_loops_ring, old_standard_altar, serial_shops, shop,
          serial_bayou_crossing, uniq_grum, uniq_pikel, uniq_psyche, uniq_joseph

Skill      XL: |  1  2  3  4  5  6  7  8 |
---------------+-------------------------+-----
Axes           | 4 5 6 8 9 |  9.9
Armour         | 3 |  3.0
Dodging        | 3 |  3.0
Shields        | 1 2 3 4 6 |  6.2
Fighting       | 4 |  4.0

Action                     |  1- 3 |  4- 6 |  7- 9 || total
---------------------------+-------+-------+-------++-------
  Melee: Hand axe          |    27 |   146 |   177 ||   350
         War axe           |       |       |    14 ||    14
  Throw: Stone             |     3 |     2 |       ||     5
         Boomerang         |       |     2 |     2 ||     4
         Dart              |       |       |     1 ||     1
 Invoke: Berserk           |     1 |     1 |     2 ||     4
         Trog's Hand       |       |       |     1 ||     1
    Use: Scroll            |     1 |     6 |       ||     7
 Armour: Animal skin       |     3 |       |       ||     3
         Plate armour      |     1 |    70 |    78 ||   149
  Dodge: Dodged            |    15 |    21 |    32 ||    68
  Block: Kite shield       |     3 |    68 |    78 ||   149

Table legend: (Time is in decaauts)
 A = Elapsed time spent in this place.
 B = Non-inter-level travel time spent in this place.
 C = Inter-level travel time spent in this place.
 D = Time resting spent in this place.
 E = Time spent auto-exploring this place.
 F = Levels seen in this place.
 G = Mean time per level.
                   A        B        C        D        E       F      G
               +--------+--------+--------+--------+--------+-----+--------+
         Total |   1645 |   1613 |     32 |      0 |      0 |   6 |  274.2 |
       Dungeon |   1645 |   1613 |     32 |      0 |      0 |   6 |  274.2 |
               +--------+--------+--------+--------+--------+-----+--------+

Top non-repeatable levels by time:
     D:4: 385 daAuts
     D:5: 335 daAuts
     D:8: 310 daAuts
     D:3: 301 daAuts
     D:1: 206 daAuts
     D:2: 106 daAuts

Table legend:
 A = Kills in this place as a percentage of kills in the entire game.
 B = Kills by you in this place as a percentage of kills by you in the entire game.
 C = Kills by friends in this place as a percentage of kills by friends in the entire game.
 D = Other kills in this place as a percentage of other kills in the entire game.
 E = Experience gained in this place as a percentage of experience gained in the entire game.
 F = Experience gained in this place divided by the number of levels of this place that you have seen.
                   A       B       C       D       E      F
               +-------+-------+-------+-------+-------+----------------------
         Total | 100.0 | 100.0 |   N/A |   N/A | 100.0 | 286.7
       Dungeon | 100.0 | 100.0 |   N/A |   N/A | 100.0 | 286.7
               +-------+-------+-------+-------+-------+----------------------

Levels and vault maps discovered:
D:1:      nagdon_arrival_double_spiral, layout_loops_ring, st_stairs_3
D:2:      layout_loops_cross
D:3:      layout_basic, okawaru_gym_becter
D:4:      layout_basic, lemuel_round_altar, nicolae_wu_jian_immortal_techniques,
          minmay_temple_entry_ruins, uniq_duvessa
D:5:      layout_basic, serial_shops, nicolae_lakefront_shop,
          kennysheep_generic_room_6
D:8:      layout_loops_ring, old_standard_altar, serial_shops, shop,
          serial_bayou_crossing, uniq_grum, uniq_pikel, uniq_psyche, uniq_joseph
